 Dungeon Crawl Stone Soup version 0.20-a0-772-g73021bd (webtiles) character file.

1612 polly the Basher (level 8, 0/68 HPs)
             Began as a Pale Draconian Gladiator on Feb 26, 2017.
             Slain by a worker ant zombie (4 damage)
             ... on level 6 of the Dungeon.
             The game lasted 00:11:43 (5739 turns).

polly the Basher (Pale Draconian Gladiator)         Turns: 5739, Time: 00:11:43

Health: 0/68       AC:  0    Str: 16    XL:     8   Next: 63%
Magic:  8/8        EV: 14    Int: 12    God:
Gold:   324        SH:  0    Dex: 12    Spells: 7/7 levels left

rFire    . . .     SeeInvis .   o - +1 whip (elec)
rCold    . . .     Gourm    .   (armour unavailable)
rNeg     + . .     Faith    .   (no shield)
rPois    .         Spirit   .   b - +0 hat
rElec    .         Reflect  .   (no cloak)
rCorr    .         Harm     .   (no gloves)
MR       .....                  l - +1 pair of boots
Stlth    ++........             (no amulet)
Regen    0.3/turn               (no ring)
MPRegen  0.2/turn               m - ring of positive energy

@: marked, corroded
A: breathe steam, unfitting armour, cold-blooded, AC +6
a: Breathe Steam


You were on level 6 of the Dungeon.
You were not hungry.

You visited 2 branches of the dungeon, and saw 7 of its levels.
You also visited: Ossuary.

You collected 324 gold pieces.

Inventory:

Hand Weapons
 o - a +1 whip of electrocution (weapon)
Missiles
 c - 2 throwing nets (quivered)
Armour
 b - a +0 hat (worn)
 l - a +1 pair of boots (worn)
Jewellery
 m - a ring of positive energy (left hand)
Scrolls
 e - 2 scrolls of remove curse
 h - 4 scrolls of immolation {unknown}
 j - 2 scrolls of recharging
 k - a scroll of fear
 n - a scroll of blinking
 q - 2 scrolls of teleportation
 r - a scroll of identify
 y - a scroll of amnesia {unknown}
 z - a scroll of noise {unknown}
 C - a scroll of enchant armour {unknown}
Potions
 a - 3 potions of agility {unknown}
 f - 2 potions of lignification {unknown}
 g - a potion of haste
 i - 2 potions of might {unknown}
 s - 3 potions of curing {unknown}
 t - 3 potions of flight {unknown}
 u - a potion of degeneration {unknown}
 v - a potion of mutation {unknown}
 w - 2 potions of heal wounds {unknown}
 x - a potion of invisibility {unknown}
 A - a potion of resistance {unknown}
Comestibles
 d - 4 bread rations
 p - 28 fruits
 B - a royal jelly


   Skills:
 + Level 5.3 Fighting
 + Level 8.1 Maces & Flails
 + Level 1.9 Throwing
 + Level 5.5 Dodging
 + Level 3.4 Stealth


You had 7 spell levels left.
You didn't know any spells.

Dungeon Overview and Level Annotations

Branches:
Dungeon (6/15)             Temple (1/1) D:5

Altars:
Ashenzari
Cheibriados
Dithmenos
Elyvilon
Fedhas
Gozag
Kikubaaqudgha
Makhleb
Nemelex Xobeh
Okawaru
Qazlal
Ru
Trog
Uskayaw
Vehumet
Wu Jian
Xom
Zin
The Shining One

Shops:
D:4 [


Innate Abilities, Weirdness & Mutations

You can breathe blasts of scalding, opaque steam.
Your pale cyan-grey scales are hard. (AC +6)
You cannot fit into any form of body armour.
You are cold-blooded and may be slowed by cold attacks.


Message History

The worker ant zombie barely misses you.
You hit the worker ant zombie.
Lightning courses through the worker ant zombie!
The worker ant zombie is heavily damaged.
The worker ant zombie bites you.
* * * LOW HITPOINT WARNING * * *
You hit the worker ant zombie but do no damage.
The worker ant zombie is heavily damaged.
The worker ant zombie bites you.
* * * LOW HITPOINT WARNING * * *
Okay, then.
You hit the worker ant zombie.
The worker ant zombie is severely damaged.
You completely miss the worker ant zombie.
The worker ant zombie is severely damaged.
The worker ant zombie barely misses you.
You hit the worker ant zombie but do no damage.
The worker ant zombie is severely damaged.
The worker ant zombie bites you.
You die...

.......##...........
...)................
...................#
+#######)............
#...#..)#............
#...#.(.#.#........(.
#.......##...........
###.Z.###...........
#...@...#..........
#...#...#...[......
#...#...#..........
+#######'..[.......
#..†..........
##...........
#>........ ##.......(
##.....##


You could see a worker ant zombie.

Vanquished Creatures
  A water moccasin (D:5)
  2 ice beasts
  A sky beast (D:5)
  A phantom (D:6)
  An ogre (D:6)
  A centaur (D:6)
  2 elf zombies
  An elf skeleton (D:4)
  A crimson imp (D:6)
  A centaur zombie (Ossuary)
  A hound (D:6)
  2 orc priests
  2 human zombies
  3 jellies
  4 orc wizards
  A human skeleton (D:4)
  An iguana (D:6)
  2 worker ants
  A big kobold zombie (Ossuary)
  2 mummies (Ossuary)
  A howler monkey skeleton (D:4)
  6 adders
  A shadow imp (D:5)
  3 adder zombies (Ossuary)
  3 adder skeletons
  2 worms (D:2)
  3 dart slugs
  4 leopard geckos
  21 orcs
  3 ball pythons
  7 bats
  4 giant cockroaches
  7 goblins
  6 hobgoblins
  10 jackals
  A quokka (D:4)
  5 frilled lizards
  A goblin zombie (Ossuary)
  11 hobgoblin zombies (Ossuary)
  A jackal zombie (Ossuary)
  6 kobolds
  9 kobold zombies (Ossuary)
  An orc skeleton (D:4)
  6 orc zombies
  2 rats
  3 rat zombies (Ossuary)
158 creatures vanquished.

Notes
Turn   | Place    | Note
-------+----------+-------------------------------------------
     0 | D:1      | polly the Draconian Gladiator began the quest for the Orb.
     0 | D:1      | Reached XP level 1. HP: 17/17 MP: 1/1
   213 | D:1      | Reached XP level 2. HP: 24/25 MP: 2/2
   601 | D:2      | Found a radiant altar of Vehumet.
   747 | D:2      | Reached XP level 3. HP: 30/30 MP: 3/3
  1019 | D:2      | Reached skill level 4 in Maces & Flails
  1402 | D:2      | Reached XP level 4. HP: 37/37 MP: 4/4
  1699 | D:3      | Found a stormy altar of Qazlal.
  1699 | D:3      | Noticed an air elemental
  2008 | D:3      | Noticed a fire elemental
  2013 | D:3      | Noticed an earth elemental
  2049 | D:3      | Reached XP level 5. HP: 45/45 MP: 5/5
  2889 | D:3      | Reached skill level 1 in Stealth
  3092 | D:4      | Found a snail-covered altar of Cheibriados.
  3178 | D:4      | Found a sand-covered staircase.
  3183 | Ossuary  | Entered an ossuary
  3322 | Ossuary  | Reached skill level 5 in Maces & Flails
  3322 | Ossuary  | Reached XP level 6. HP: 48/51 MP: 6/6
  3663 | D:4      | Your scales start taking on a pale cyan-grey colour.
  3663 | D:4      | Reached XP level 7. HP: 37/59 MP: 7/7
  3684 | D:4      | Reached skill level 6 in Maces & Flails
  3881 | D:4      | Found a glowing golden altar of the Shining One.
  3883 | D:4      | Found a bloodstained altar of Trog.
  4171 | D:4      | Found Agityuf's Antique Armour Boutique.
  4427 | D:5      | Entered Level 5 of the Dungeon
  4798 | D:5      | Reached skill level 7 in Maces & Flails
  4868 | D:5      | Found a staircase to the Ecumenical Temple.
  4890 | Temple   | Entered the Ecumenical Temple
  5285 | D:5      | Reached XP level 8. HP: 67/67 MP: 8/8
  5578 | D:6      | Reached skill level 5 in Dodging
  5594 | D:6      | Reached skill level 5 in Fighting
  5670 | D:6      | Found a sacrificial altar of Ru.
  5718 | D:6      | Reached skill level 8 in Maces & Flails
  5736 | D:6      | HP: 3/68 [worker ant zombie (2)]
  5739 | D:6      | Slain by a worker ant zombie

Vault maps used:
D:1:      nagdon_arrival_double_spiral, minmay_pentomino_w2
D:2:      lemuel_crystal_altar, minmay_misc_feat_pillars
D:3:      nicolae_qazlal_style_of_elements, kennysheep_cross_bottleneck
D:4:      kennysheep_slug_shrine, chequers_temple_overflow_statue_of_worship,
          first_bread, nicolae_ossuary_entry_catacombs, serial_shops,
          nicolae_shop_waterfront, kennysheep_small_spiral, dk_vineyard_1
D:5:      lemuel_upstairs_altar, temple_statues
D:6:      lemuel_ice_spiral_2, yredelemnul_forgotten_temple_becter, tgw_sif,
          nicolae_ru_great_annihilating_truth
Temple:   eino_temple_water
Ossuary:  ossuary_tomb_1

Skill      XL: |  1  2  3  4  5  6  7  8 |
---------------+-------------------------+-----
Dodging        | 3 4 5 |  5.5
Maces & Flails | 4 5 7 8 |  8.1
Fighting       | 3 4 5 |  5.3
Stealth        | 1 2 3 |  3.4
Throwing       | |  1.9

Action                   |  1- 3 |  4- 6 |  7- 9 || total
-------------------------+-------+-------+-------++-------
Melee: Flail             |    98 |       |       ||    98
       Tailslap          |    12 |    37 |    23 ||    72
       Whip              |     6 |   246 |   226 ||   478
Throw: Throwing net      |       |       |     1 ||     1
 Abil: Breathe Steam     |       |       |     1 ||     1
  Use: Scroll            |     5 |     1 |     2 ||     8
       Potion            |       |     1 |       ||     1
 Stab: Sleeping          |     1 |     2 |     4 ||     7
  Eat: Chunk             |     1 |     6 |     6 ||    13
       Fruit             |       |     1 |     2 ||     3
Armor: Skin              |    33 |    81 |    61 ||   175
Dodge: Dodged            |    75 |   118 |   127 ||   320
